 Dungeon Crawl Stone Soup version 0.27.1-35-g4d5d836560 (webtiles) character file.

Game seed: 2891929396722580774

67 Delamore the Sneak (level 4, -3/29 HPs)
             Began as an Octopode Brigand on May 3, 2022.
             Killed by divine providence
             ... invoked by an orc priest
              (9 damage)
             ... on level 2 of the Dungeon.
             The game lasted 00:01:11 (1604 turns).

Delamore the Sneak (Octopode Brigand)               Turns: 1604, Time: 00:01:11

Health: -3/29      AC:  1    Str: 10    XL:     4   Next: 16%
Magic:  0/4        EV: 12    Int: 13    God:
Gold:   62         SH:  0    Dex: 14    Spells: 3/3 levels left

rFire    . . .     SeeInvis .   a - +2 dagger
rCold    . . .     Faith    .   (no shield)
rNeg     . . .     Spirit   +   (helmet restricted)
rPois    .         Reflect  .   j - amulet of guardian spirit
rElec    .         Harm     .   (no ring)
rCorr    .         Rampage  .   (no ring)
Will     .....                  (no ring)
Stlth    ++++......             (no ring)
HPRegen  0.09/turn              (no ring)
MPRegen  0.09/turn              (no ring)
                                (no ring)
                                (no ring)

@: no status effects
A: almost no armour, amphibious, 8 rings, camouflage 1, gelatinous body 1,
(nimble swimmer 1), tentacles
a: no special abilities


You were on level 2 of the Dungeon.
You visited 1 branch of the dungeon, and saw 2 of its levels.

You collected 62 gold pieces.

Inventory:

Hand Weapons
 a - a +2 dagger (weapon)
Missiles
 b - 24 poisoned darts
 c - a curare-tipped dart (quivered)
 d - 6 boomerangs
Jewellery
 g - a ring of ice
 j - an amulet of guardian spirit (around mantle)
Scrolls
 e - a scroll of identify {unknown}
 h - a scroll of teleportation
 k - 2 scrolls of noise {unknown}
Potions
 f - a potion of curing {unknown}
 i - a potion of heal wounds {unknown}


   Skills:
 - Level 2.0 Fighting
 * Level 3.7 Short Blades
 - Level 2.0 Throwing
 - Level 1.0 Dodging
 + Level 6.2 Stealth


You had 3 spell levels left.
You didn't know any spells.
Your spell library was empty.

Dungeon Overview and Level Annotations

Branches:
Dungeon (2/15)

Altars:


Innate Abilities, Weirdness & Mutations

You cannot wear most types of armour.
You are amphibious.
You can wear up to eight rings at the same time.
Your skin changes colour to match your surroundings (Stealth+).
Your rubbery body absorbs attacks. (AC +1, EV +1)
((You are camouflaged near water. (Stealth+)))
You have tentacles for arms and can constrict up to eight enemies at once.


Message History

The giant cockroach is almost dead.
You constrict the giant cockroach.
You kill the giant cockroach!
A jackal comes into view.
You barely miss the orc. Your grab misses the orc.
The orc hits you with a +0 hand axe.
The orc priest looks encouraged for a moment.
You hit the orc. Your grab misses the orc. Your squeeze misses the orc.
The orc is heavily wounded.
The orc misses you.
You hit the jackal but do no damage. You grab the jackal.
You constrict the jackal, but do no damage.
The giant cockroach closely misses you. The jackal closely misses you.
You hit the jackal but do no damage.
You constrict the jackal, but do no damage.
The jackal bites you but does no damage.
The giant cockroach bites you. The orc hits you with a +0 hand axe.
The orc priest mumbles some strange prayers to Beogh against you.
Beogh smites you!
Ouch! That really hurt!
You hear a bark!
You hit the jackal.
The jackal is severely wounded.
You constrict the jackal, but do no damage.
The jackal bites you.
* * * LOW HITPOINT WARNING * * *
The giant cockroach barely misses you. The jackal bites you.
* * * LOW HITPOINT WARNING * * *
You hit the jackal.
You kill the jackal!
The giant cockroach closely misses you.
The orc priest casts a cantrip, but nothing happens.
The orc closely misses you.
A jackal and an orc come into view.
Found a bubbling dark potion.
You see here a jackal corpse.
Found a stone staircase leading down.
The orc priest mumbles some strange prayers to Beogh against you.
Beogh smites you!
You die...

.. ... ..# >.#
#.#...# #.#... # #.
... .# #. #.
#.#..###. .#..#.
#.##.##.#...o.r .....
#!....@.h.h..# #...#
......##B#.##.# #...#
#####.##o#.# #...#
#.#....# #...#
#....o)# #†..##
#.......=.#####...##
#.#...............†.
...#.............†)†
.#......#............


You could see an orc priest, 2 orcs, 2 jackals and a giant cockroach.

Vanquished Creatures
  A gnoll (D:1)
  2 adders (D:2)
  4 dart slugs
  5 ball pythons
  5 endoplasms (D:1)
  2 giant cockroaches
  A goblin (D:2)
  A jackal (D:2)
  2 quokkas (D:1)
  3 bats (D:1)
  A kobold (D:1)
  6 rats
33 creatures vanquished.

Notes
Turn   | Place    | Note
-------+----------+-------------------------------------------
     0 | D:1      | Delamore the Octopode Brigand began the quest for the Orb.
     0 | D:1      | Reached XP level 1. HP: 14/14 MP: 1/1
   135 | D:1      | Reached XP level 2. HP: 19/19 MP: 2/2
   391 | D:1      | Reached XP level 3. HP: 24/24 MP: 3/3
  1098 | D:2      | Found a faded altar of an unknown god.
  1144 | D:2      | Reached skill level 6 in Stealth
  1435 | D:2      | Reached XP level 4. HP: 19/29 MP: 4/4
  1604 | D:2      | Killed from afar by an orc priest

Illustrated notes

Levels and vault maps discovered:
D:1:      dpeg_arrival_central, layout_loops_ring, st_stairs_8
D:2:      layout_loops_cross, basic_ecumenical_altar, basic_altar,
          uniq_crazy_yiuf_cottage

Skill      XL: |  1  2  3 |
---------------+----------+-----
Short Blades   | 3 |  3.7
Stealth        | 6 |  6.2
Fighting       | |  2.0
Throwing       | |  2.0
Dodging        | |  1.0

Action                   |  1- 3 |  4- 6 || total
-------------------------+-------+-------++-------
Melee: Dagger            |    47 |    15 ||    62
       Constrict         |     7 |     4 ||    11
       Tentacles         |     4 |     2 ||     6
Throw: Dart              |     1 |       ||     1
  Use: Scroll            |     1 |       ||     1
 Stab: Sleeping          |    13 |       ||    13
Armor: Skin              |     3 |     1 ||     4
Dodge: Dodged            |    18 |     8 ||    26
